 Dungeon Crawl Stone Soup version 0.26-a0-667-g92642533e4 (webtiles) character file.

Game seed: 14412259120351663407

147 CheiIsBae the Chopper (level 5, -1/45 HPs)
             Began as a Hill Orc Monk on Oct 18, 2020.
             Slain by Grinder (2 damage)
             ... on level 2 of the Dungeon.
             The game lasted 00:04:36 (4091 turns).

CheiIsBae the Chopper (Hill Orc Monk)               Turns: 4091, Time: 00:04:36

Health: -1/45      AC:  8    Str: 15    XL:     5   Next: 29%
Magic:  5/5        EV: 10    Int: 10    God:
Gold:   112        SH:  0    Dex: 13    Spells: 4/4 levels left

rFire    . . .     SeeInvis .   a - +1 hand axe
rCold    . . .     Faith    .   (no shield)
rNeg     . . .     Spirit   .   j - +0 scale mail
rPois    .         Reflect  .   (no helmet)
rElec    .         Harm     .   c - +1 cloak
rCorr    .         Rampage  .   (no gloves)
MR       .....                  (no boots)
Stlth    ..........             (no amulet)
HPRegen  0.15/turn              (no ring)
MPRegen  0.09/turn              (no ring)

@: no status effects
A: no striking features
a: no special abilities


You were on level 2 of the Dungeon.
You visited 1 branch of the dungeon, and saw 3 of its levels.

You collected 112 gold pieces.

Inventory:

Hand Weapons
 a - a +1 hand axe (weapon)
Armour
 c - a +1 cloak (worn)
 j - a +0 scale mail (worn)
Scrolls
 d - a scroll of remove curse
Potions
 m - a potion of flight


   Skills:
 - Level 3.6 Fighting
 + Level 7.7 Axes
 - Level 2.4 Dodging
 - Level 1.5 Stealth


You had 4 spell levels left.
You didn't know any spells.
Your spell library was empty.

Dungeon Overview and Level Annotations

Branches:
Dungeon (3/15)

Altars:

Annotations:
D:2 Grinder


Message History

Grinder is heavily wounded.
Grinder hits you but does no damage.
Okay, then.
Your scale mail prevents you from hitting Grinder.
Grinder is heavily wounded.
Grinder barely misses you.
Unknown command.
You barely miss Grinder.
Grinder is heavily wounded.
Unknown command.
You barely miss Grinder.
Grinder is heavily wounded.
Grinder gestures at you. Pain shoots through your body!
* * * LOW HITPOINT WARNING * * *
Unknown command.
You hit Grinder.
Grinder is severely wounded.
Grinder hits you.
You die...

# #.####......###### # #.#
#......# #.# #......#
#.####...)..# #.##....#########
#...............#
########....#######.#############
.......'.........................
########........@5....###########
#####.####.....# #.# #.....# #.#
#.....# #.# #.....# #.#
#.....#### #.# ##.......# #.#
###.####.# #.# #...(..#.#


You could see Grinder.

Vanquished Creatures
  Robin (D:2)
  3 gnolls (D:3)
  4 adders
  3 dart slugs
  6 bats
  3 giant cockroaches
  13 goblins
  10 hobgoblins
  9 kobolds
  A quokka (D:2)
  A ball python (D:3)
  3 frilled lizards
  7 rats
64 creatures vanquished.

Notes
Turn   | Place    | Note
-------+----------+-------------------------------------------
     0 | D:1      | CheiIsBae the Hill Orc Monk began the quest for the Orb.
     0 | D:1      | Reached XP level 1. HP: 19/19 MP: 1/1
   263 | D:1      | Reached XP level 2. HP: 23/26 MP: 2/2
   459 | D:1      | Reached skill level 5 in Axes
   736 | D:1      | Reached XP level 3. HP: 27/31 MP: 3/3
  1353 | D:2      | Noticed Robin
  1354 | D:2      | Reached skill level 6 in Axes
  1381 | D:2      | Killed Robin
  1381 | D:2      | Reached XP level 4. HP: 33/39 MP: 4/4
  2561 | D:2      | Reached skill level 7 in Axes
  3121 | D:3      | Reached XP level 5. HP: 32/45 MP: 5/5
  3377 | D:3      | Noticed Grinder
  3681 | D:3      | Paralysed by Grinder for 6 turns
  3696 | D:3      | Paralysed by Grinder for 2 turns
  3713 | D:3      | Paralysed by Grinder for 5 turns
  3724 | D:2      | Paralysed by Grinder for 6 turns
  4074 | D:2      | Paralysed by Grinder for 4 turns
  4090 | D:2      | HP: 1/45 [Grinder/nerve-wracking pain (7)]
  4091 | D:2      | Slain by Grinder

Illustrated notes

Levels and vault maps discovered:
D:1:      shiori_arrival_oz, layout_basic
D:2:      layout_basic, uniq_robin
D:3:      layout_loops_cross, lemuel_round_altar,
          nicolae_overflow_crystal_walls, uniq_grinder

Skill      XL: |  1  2  3  4 |
---------------+-------------+-----
Axes           | 5 6 7 |  7.7
Fighting       | |  3.6
Dodging        | |  2.4
Stealth        | |  1.5

Action                   |  1- 3 |  4- 6 || total
-------------------------+-------+-------++-------
Melee: Hand axe          |   112 |   165 ||   277
       Unarmed           |       |     5 ||     5
Throw: Throwing net      |       |     1 ||     1
  Use: Scroll            |       |     6 ||     6
       Potion            |       |     8 ||     8
 Stab: Sleeping          |     3 |       ||     3
       Held in net/web   |       |     1 ||     1
Armor: Robe              |    10 |       ||    10
       Scale mail        |    10 |    70 ||    80
       Skin              |       |     2 ||     2
Dodge: Dodged            |    61 |   107 ||   168

Table legend: (Time is in decaauts)
 A = Elapsed time spent in this place.
 B = Non-inter-level travel time spent in this place.
 C = Inter-level travel time spent in this place.
 D = Time resting spent in this place.
 E = Time spent auto-exploring this place.
 F = Levels seen in this place.
 G = Mean time per level.
                   A        B        C        D        E       F      G
               +--------+--------+--------+--------+--------+-----+--------+
         Total |   4046 |   3925 |    121 |   1358 |   1970 |   3 | 1348.7 |
       Dungeon |   4046 |   3925 |    121 |   1358 |   1970 |   3 | 1348.7 |
               +--------+--------+--------+--------+--------+-----+--------+

Top non-repeatable levels by time:
     D:2: 2339 daAuts
     D:1: 908 daAuts
     D:3: 798 daAuts
